 Dungeon Crawl Stone Soup version 0.31.0-11-ge490571c62 (webtiles) character file.

Game seed: 4012394066137283073

1149 browni3141 the Cleaver (level 8, -5/74 HPs)
             Began as a Minotaur Fighter on Jan 27, 2024.
             Killed themself with a badly aimed iceblast (15 damage)
             ... on level 6 of the Dungeon.
             The game lasted 00:02:02 (2915 turns).

browni3141 the Cleaver (Minotaur Fighter)           Turns: 2915, Time: 00:02:02

Health: -5/74      AC:  8    Str: 22    XL:     8   Next: 15%
Magic:  7/7        EV:  9    Int:  7    God:
Gold:   281        SH:  4    Dex:  9    Spells: 7/7 levels left

rFire   . . .        a - +0 war axe
rCold   . . .        c - +0 buckler
rNeg    + + +        q - +2 scale mail of Xageank {rN+++ Will+ Int+2 Dex-2}
rPois   .            (helmet restricted)
rElec   .            (no cloak)
rCorr   .            (no gloves)
SInv    .            (no boots)
Will    +....        (no amulet) Stlth
                     (no ring)
HPRegen 0.32/turn    (no ring)
MPRegen 0.10/turn

%: no passive effects
@: no status effects
A: horns 2, retaliatory headbutt
a: no special abilities


You were on level 6 of the Dungeon.
You visited 1 branch of the dungeon, and saw 6 of its levels.

You collected 281 gold pieces.

Inventory:

Hand Weapons
 a - a +0 war axe (weapon)
Armour
 b - a +0 scale mail
 c - a +0 buckler (worn)
 q - the +2 scale mail of Xageank (worn) {rN+++ Will+ Int+2 Dex-2}
   (You found it on level 5 of the Dungeon)

   Int+2:     It affects your intelligence (+2).
   Dex-2:     It affects your dexterity (-2).
   rN+++:     It renders you almost immune to negative energy.
   Will+:     It increases your willpower.
Wands
 p - a wand of acid (9)
 y - a wand of iceblast (7)
Scrolls
 e - a scroll of brand weapon {unknown}
 f - 3 scrolls of noise {unknown}
 g - 2 scrolls of fog {unknown}
 h - a scroll of fear {unknown}
 j - a scroll of teleportation {unknown}
 k - 2 scrolls of immolation {unknown}
 l - a scroll of revelation {unknown}
 n - 3 scrolls of acquirement {unknown}
 s - a scroll of identify {unknown}
 u - 2 scrolls of poison {unknown}
 w - a scroll of torment {unknown}
 x - a scroll of enchant armour {unknown}
Potions
 d - 4 potions of might
 i - 2 potions of curing
 m - a potion of mutation {unknown}
 o - a potion of lignification {unknown}
 r - a potion of invisibility {unknown}
 t - 2 potions of brilliance {unknown}
 v - a potion of resistance {unknown}


   Skills:
 + Level 7.6 Fighting
 * Level 9.7 Axes
 - Level 3.6 Armour
 - Level 3.6 Shields


You had 7 spell levels left.
You didn't know any spells.
Your spell library contained the following spells:

 Spells                   Type           Power      Damage    Failure   Level
 Freeze                   Ice            0%         1d3       83%         1
 Kiss of Death            Conj/Necr      0%         2d5       83%         1
 Confusing Touch          Hex            0%         N/A       99%         3
 Frozen Ramparts          Ice            0%         1d1       99%         3
 Hailstorm                Conj/Ice       0%         3d5       99%         3
 Dispel Undead            Necr           0%         3d6       100%        4


Dungeon Overview and Level Annotations

Branches:
Dungeon (6/15)
 Temple: D:4-7

Altars:
Cheibriados
Gozag
Nemelex Xobeh
Okawaru
Uskayaw
Xom

Annotations:
D:3 1 runed translucent door, puppykicker's ghost, amateur DEGl


Innate Abilities, Weirdness & Mutations

You have a pair of horns on your head.
You reflexively headbutt those who attack you in melee.


Message History

The black bear is heavily wounded.
The black bear bites you!
The black bear claws you but does no damage. x2
You slash the black bear!
You kill the black bear!
You have reached level 8!
You feel agile.
You hit the white imp.
The white imp is heavily wounded.
The white imp gestures at you. The puff of frost misses you.
You slash the white imp!
You kill the white imp!
The iguana bites you!
You hit the iguana but do no damage.
The iguana bites you but does no damage.
You barely miss the iguana. The iguana barely misses you.
You furiously retaliate!
You headbutt the iguana. You slash the iguana!
You kill the iguana!
The ufetubus barely misses you. You furiously retaliate!
You headbutt the ufetubus, but do no damage.
The ufetubus hits you.
The ufetubus hits you but does no damage.
The ufetubus hits you. x2
The ufetubus hits you but does no damage.
Things that are here:
an iguana corpse; a black bear corpse You closely miss the ufetubus.
You miss the ufetubus. The ufetubus barely misses you.
The ufetubus closely misses you. The ufetubus barely misses you.
The ufetubus hits you. The ufetubus barely misses you. You furiously retaliate!
You headbutt the ufetubus. The ufetubus hits you.
You miss the ufetubus.
The ufetubus is moderately wounded.
You slash the ufetubus!
The ufetubus hits you but does no damage.
The ufetubus barely misses you. The ufetubus closely misses you.
The ufetubus hits you but does no damage. x2
The ufetubus barely misses you.
The ufetubus hits you but does no damage.
The ufetubus misses you.
You slash the ufetubus!
You kill the ufetubus!
You hit the ufetubus. The ufetubus barely misses you.
The ufetubus hits you but does no damage.
An orc comes into view. It is wielding a +0 short sword.
You miss the ufetubus.
The orc shouts!
Your headbutt misses the ufetubus.
The ufetubus is severely wounded.
You slash the orc!
You kill the orc!
You hear a shout! x3
The ufetubus hits you but does no damage. x4
You hear a shout!
You hit the ufetubus but do no damage.
The ufetubus is severely wounded.
The ufetubus hits you but does no damage.
You block the ufetubus's attack.
You slash the ufetubus!
You kill the ufetubus!
An orc wizard comes into view. It is wielding a +0 dagger.
You slash the orc!
You kill the orc!
An orc priest comes into view. It is wielding a +0 short sword.
An orc priest comes into view. It is wielding a +0 club.
The orc priest looks braver for a moment.
An orc wizard comes into view. It is wielding a +0 dagger.
Found an iron altar of Okawaru.
The orc wizard shouts!
The orc priest calls down the wrath of Beogh upon you.
Beogh smites you!
The orc wizard casts a spell.
The orc wizard flickers and vanishes!
Deactivating autopickup; reactivate with Ctrl-A.
Items here: )) ††.
You are too injured to fight recklessly!
Things that are here:
an iguana corpse; a black bear corpse The orc wizard points at you and mumbles some strange words.
The puff of flame hits you but does no damage.
It was a potion of curing.
You feel better.
You slash the orc wizard! Your headbutt misses the orc wizard.
The orc wizard is heavily wounded.
You hit the orc wizard. You headbutt the orc wizard.
You kill the orc wizard!
Aiming: Iceblast
Press: ? - help, Shift-Dir - straight line, f - orc priest
Aim: an orc priest, wielding a +0 club The mass of ice explodes!
The iceblast engulfs something!
The iceblast engulfs you.
You hear a shout!
Something hits you.
Aiming: Iceblast
Press: ? - help, Shift-Dir - straight line, p - orc priest The mass of ice explodes!
The iceblast engulfs something!
Reactivating autopickup.
You feel a bit more experienced. The iceblast engulfs you!
You die...

##### # #...# #. #...#
#####.##...# ...........#
#.#@)..### #.##)....# #.
#o...:# ###
..##.#.##o....#########..
..oo...)†.....'.......'..
..##.#o####...#..######..
#. ######.#### #.. #.
#....# #.. .. ####.# ###


You could see 2 orc priests.

Vanquished Creatures
  A water moccasin (D:6)
  3 ice beasts
  A black bear (D:6)
  An ogre (D:6)
  2 scorpions
  A howler monkey (D:5)
  A bombardier beetle (D:4)
  4 hounds
  An orc priest (D:4)
  A sleepcap (D:5)
  An iguana (D:6)
  2 orc wizards (D:6)
  7 adders
  A white imp (D:6)
  6 ufetubi
  2 ribbon worms
  14 orcs
  A ball python (D:4)
  2 endoplasms (D:4)
  2 giant cockroaches (D:4)
  10 goblins
  8 hobgoblins
  3 kobolds
  5 quokkas
  2 bats
  A frilled lizard (D:1)
  3 rats
  A butterfly (D:4)
87 creatures vanquished.

Notes
Turn   | Place    | Note
-------+----------+-------------------------------------------
     0 | D:1      | browni3141 the Minotaur Fighter began the quest for the
                  | Orb.
     0 | D:1      | Reached XP level 1. HP: 19/19 MP: 0/0
    53 | D:1      | Reached skill level 3 in Axes
    56 | D:1      | Reached XP level 2. HP: 14/27 MP: 1/1
   202 | D:3      | Found a sparkling altar of Nemelex Xobeh.
   322 | D:3      | Found a runed translucent door.
   323 | D:3      | Noticed puppykicker's ghost (amateur DEGl)
   490 | D:3      | Reached XP level 3. HP: 22/33 MP: 2/2
   851 | D:4      | Found a shimmering altar of Xom.
   860 | D:4      | Reached skill level 4 in Axes
   889 | D:4      | Reached XP level 4. HP: 16/41 MP: 3/3
   999 | D:4      | Noticed a +0 hand axe
  1001 | D:4      | Noticed a +0 hand axe
  1073 | D:4      | Found an opulent altar of Gozag.
  1099 | D:4      | Found a snail-covered altar of Cheibriados.
  1192 | D:4      | Found a hide-covered altar of Uskayaw.
  1293 | D:4      | Reached skill level 5 in Axes
  1295 | D:4      | Noticed a scorpion
  1300 | D:4      | Killed a scorpion
  1301 | D:4      | Reached skill level 5 in Fighting
  1301 | D:4      | Reached XP level 5. HP: 45/48 MP: 4/4
  1419 | D:4      | Reached skill level 6 in Axes
  1611 | D:5      | Entered Level 5 of the Dungeon
  1618 | D:5      | Identified the +2 scale mail of Xageank {rN+++ Will+ Int+2
                  | Dex-2}
  1824 | D:5      | Noticed an ice beast
  1838 | D:5      | Killed an ice beast
  1839 | D:5      | Reached XP level 6. HP: 41/57 MP: 5/5
  1945 | D:5      | Reached skill level 7 in Axes
  1964 | D:5      | Noticed an ice beast
  1975 | D:5      | Killed an ice beast
  1988 | D:5      | Reached XP level 7. HP: 54/63 MP: 6/6
  2509 | D:5      | Reached skill level 8 in Axes
  2760 | D:6      | Reached skill level 9 in Axes
  2892 | D:6      | Reached XP level 8. HP: 32/73 MP: 7/7
  2905 | D:6      | Found an iron altar of Okawaru.
  2905 | D:6      | HP: 2/73 [orc priest/divine providence (13)]
  2915 | D:6      | Killed themself with a badly aimed iceblast

Illustrated notes

Levels and vault maps discovered:
D:1:      onia_arrival_pyramid, layout_basic, nicolae_ecumenical_lake_church,
          st_stairs_13, serial_bayou_pond_c
D:2:      layout_loops_ring, nicolae_the_louvre
D:3:      cheibrodos_greedy_goblins, layout_loops_corners,
          mainiacjoe_overflow_tiny_flanked, gammafunk_ghost_grave
D:4:      layout_basic, grunt_gozag_breadcrumbs, xom_butterflies,
          dancing_weapons_uskayaw, lemuel_round_altar
D:5:      layout_basic, nicolae_half_adder
D:6:      minmay_evil_eye, layout_basic,
          chequers_temple_overflow_statue_of_worship, temple_green,
          serial_bayou_pond_c

Skill      XL: |  1  2  3  4  5  6  7 |
---------------+----------------------+-----
Axes           | 3 4 5 6 7 9 |  9.7
Fighting       | 4 5 6 7 |  7.6
Armour         | |  3.6
Shields        | |  3.6

Action                     |  1- 3 |  4- 6 |  7- 9 || total
---------------------------+-------+-------+-------++-------
  Melee: War axe           |    59 |    88 |    73 ||   220
         Headbutt          |     6 |    14 |    10 ||    30
  Evoke: Wand              |       |       |     1 ||     1
    Use: Potion            |       |       |     1 ||     1
 Armour: Scale mail        |    42 |    68 |    82 ||   192
  Dodge: Dodged            |    32 |    48 |    47 ||   127
  Block: Buckler           |    13 |    23 |     8 ||    44
